Flames vs Kings
(R1)
Created - March 3, 2023 at 10:12
Goals
|
| Flames |
1 |
3 |
2 |
6 |
| Kings |
2 |
1 |
0 |
3 |
|
Shots
|
| Flames |
10 |
9 |
13 |
32 |
| Kings |
14 |
13 |
14 |
41 |
|
1st period
1. Flames , Tanner Pearson 16 (Jimmy Hayes 25, Patrik Berglund 31) at 0:54 (PP)
2. Kings , Kyle Clifford 26 (Jason Pominville 12, Jeff Schultz 5) at 13:50
3. Kings , Benoit Pouliot 7 (Jeff Schultz 6, Darnell Nurse 13) at 16:33
Penalties :
Jujhar Khaira (L.A) for Hooking (Minor) at 0:49, Kyle Clifford (L.A) for Roughing (Minor) at 8:49, Eric Staal (Cal) for Hooking (Minor) at 16:57
2nd period
4. Kings , Alexander Kerfoot 6 (Darnell Nurse 14) at 3:21
5. Flames , Patrik Berglund 21 (Jimmy Hayes 26) at 7:31 (PP)
6. Flames , Patrik Berglund 22 (Jimmy Hayes 27) at 8:56
7. Flames , Brad Marchand 18 (Bryan Rust 23, Kevin Labanc 14) at 14:07
Penalties :
Logan Couture (L.A) for Goalie Interference (Minor) at 7:25, Jake McCabe (L.A) for Tripping (Minor) at 16:04
3rd period
8. Flames , David Ullstrom 3 (Colin Wilson 5) at 2:31
9. Flames , Kevin Labanc 8 (Eric Staal 28, Esa Lindell 10) at 14:53 (PP)
Penalties :
Erik Johnson (Cal) for Tripping (Minor) at 0:22, Colby Robak (Cal) for Slashing (Minor) at 4:17, Kyle Clifford (L.A) for Holding (Minor) at 9:58, Mark Fistric (L.A) for Tripping (Minor) at 14:17
Goalie Stats
Henrik Lundqvist (Cal), 38 saves from 41 shots - (0.927), W, 17-17-1, 60:00 minutes
John Gibson (L.A), 16 saves from 21 shots - (0.762), L, 13-13-4, 42:31 minutes
Thomas McCollum (L.A), 10 saves from 11 shots - (0.909), 17:29 minutes
Players Stats for Flames
Player Name G A P +/- PIM S H SB GA TA FO MP PP MP PK MP
------------------------------------------------------------------------------------
Anders Lee 0 0 0 0 0 2 2 0 0 0 1/3 7:20 0:00 0:41
Brad Marchand 1 0 1 0 0 6 3 0 0 0 1/2 21:01 0:00 4:05
Brendan Mikkelson 0 0 0 0 0 0 1 1 0 0 0/0 18:01 2:48 3:14
Bryan Rust 0 1 1 0 0 3 1 1 1 0 0/0 18:32 0:00 1:44
Christian Folin 0 0 0 0 0 0 0 4 0 1 0/0 20:34 0:00 4:03
Colby Robak 0 0 0 0 2 2 1 2 1 0 0/0 18:01 0:00 1:14
Colin Wilson 0 1 1 1 0 0 0 0 0 1 6/6 10:45 0:00 0:00
David Ullstrom 1 0 1 1 0 2 1 0 0 0 1/1 11:01 0:00 0:08
Eric Staal 0 1 1 0 2 3 3 0 2 0 9/26 21:13 2:46 1:23
Erik Johnson 0 0 0 0 2 2 0 1 2 0 0/0 25:39 3:56 2:54
Esa Lindell 0 1 1 0 0 1 0 0 0 0 0/0 15:15 2:48 0:29
Jake DeBrusk 0 0 0 0 0 1 1 1 0 0 1/2 9:16 2:46 0:00
Jimmy Hayes 0 3 3 -1 0 1 3 2 0 0 0/0 16:57 3:58 0:00
Kevin Labanc 1 1 2 0 0 2 1 0 0 0 0/0 9:16 2:46 0:00
Kyle Palmieri 0 0 0 1 0 0 2 1 2 0 0/0 10:45 0:00 0:00
Patrik Berglund 2 1 3 -1 0 2 0 0 1 0 18/34 20:50 3:58 3:53
Sami Vatanen 0 0 0 0 0 1 3 1 0 0 0/0 22:37 3:56 0:00
Tanner Pearson 1 0 1 -1 0 4 1 0 2 0 0/2 16:57 3:58 0:00
Players Stats for Kings
Player Name G A P +/- PIM S H SB GA TA FO MP PP MP PK MP
------------------------------------------------------------------------------------
Alexander Kerfoot 1 0 1 0 0 4 2 1 0 0 7/18 14:34 2:58 0:00
Auston Matthews 0 0 0 0 0 4 0 0 0 0 10/16 15:49 2:59 0:37
Benoit Pouliot 1 0 1 0 0 6 3 0 1 0 0/0 13:15 0:00 0:56
Darnell Nurse 0 2 2 1 0 2 1 5 1 1 0/0 26:02 2:06 4:23
Ilya Kovalchuk 0 0 0 0 0 4 0 0 0 0 0/1 16:35 0:00 4:18
Jake McCabe 0 0 0 -1 2 0 0 1 0 0 0/0 11:48 0:00 1:27
Jason Pominville 0 1 1 0 0 3 1 0 0 0 1/2 12:56 0:00 1:30
Jeff Schultz 0 2 2 1 0 2 0 3 0 3 0/0 23:11 0:00 4:23
Jujhar Khaira 0 0 0 0 2 0 1 0 0 1 0/1 15:17 2:06 1:30
Kyle Clifford 1 0 1 0 4 2 0 0 0 1 1/2 15:01 2:59 0:25
Kyle Okposo 0 0 0 0 0 3 2 0 0 1 9/11 16:04 3:51 0:00
Logan Couture 0 0 0 0 2 4 0 1 0 0 9/22 15:42 0:00 4:12
Mark Fistric 0 0 0 0 2 0 1 1 0 0 0/0 20:22 0:00 2:01
Mikko Rantanen 0 0 0 0 0 2 0 0 0 1 1/1 14:34 2:58 0:00
Mitch Marner 0 0 0 0 0 3 0 0 0 1 1/1 14:52 2:59 0:00
Morgan Rielly 0 0 0 -1 0 0 0 0 0 0 0/0 9:08 0:00 0:20
Rasmus Ristolainen 0 0 0 0 0 1 1 0 0 1 0/0 23:08 3:51 0:54
William Nylander 0 0 0 0 0 1 2 0 0 1 0/1 14:52 2:58 0:00
3 Stars
1 - Patrik Berglund (Cal)
2 - Jimmy Hayes (Cal)
3 - Kevin Labanc (Cal)
Power Play
Flames - 3 on 6 Attempt(s) - 50.00%
Kings - 0 on 3 Attempt(s) - 0.00%
Penalty Kill
Flames - 3 on 3 Attempt(s) - 100.00%
- Score 0 goal in Penalty Kill
Kings - 3 on 6 Attempt(s) - 50.00%
- Score 0 goal in Penalty Kill
Team Stat
Flames - Hits : 23 - Faceoff Wins : 37 - Blocked Shots : 14 - Penalty Minutes : 6
Kings - Hits : 14 - Faceoff Wins : 39 - Blocked Shots : 12 - Penalty Minutes : 12
Official
Referees : Corey Syvret and Eric Furlatt
Linesman : Steve Miller and Steve Barton
Game Notes
Thomas McCollum enters game at 2:31 of 3rd period
Finance
Level 1 -- Attendance: 5404 (90.07%) -- Ticket Income $540,400
Level 2 -- Attendance: 4545 (90.90%) -- Ticket Income $272,700
Level 3 -- Attendance: 1970 (98.50%) -- Ticket Income $68,950
Level 4 -- Attendance: 4000 (100.00%) -- Ticket Income $100,000
Luxury Box -- Attendance: 1000 (100.00%) -- Ticket Income $200,000
Game was played at the Staples Center.
Total Attendance: 16919 (93.99%)
Total Ticket Income: $1,182,050
Other Income: $177,308
Total Income: $1,359,358
Flames
5 vs 5 Forward
Center Left Wing Right Wing Time % Phy DF OF
1 Eric Staal Brad Marchand Bryan Rust 38 1 2 2
2 Patrik Berglund Tanner Pearson Jimmy Hayes 33 1 2 2
3 Colin Wilson David Ullstrom Kyle Palmieri 20 1 2 2
4 Anders Lee Jake DeBrusk Kevin Labanc 9 1 2 2
5 vs 5 Defense
Defense Defense Time % Phy DF OF
1 Erik Johnson Sami Vatanen 40 1 2 2
2 Colby Robak Christian Folin 31 1 2 2
3 Esa Lindell Brendan Mikkelson 22 1 2 2
4 Colby Robak Christian Folin 7 1 2 2
PowerPlay Forward
Center Left Wing Right Wing Time % Phy DF OF
1 Patrik Berglund Tanner Pearson Jimmy Hayes 60 1 1 3
2 Eric Staal Jake DeBrusk Kevin Labanc 40 1 1 3
PowerPlay Defense
Defense Defense Time % Phy DF OF
1 Erik Johnson Sami Vatanen 60 1 1 3
2 Esa Lindell Brendan Mikkelson 40 1 1 3
Penalty Kill 4 Players Forward
Center Wing Time % Phy DF OF
1 Patrik Berglund Brad Marchand 60 1 2 2
2 Eric Staal Bryan Rust 40 1 2 2
Penalty Kill 4 Players Defense
Defense Defense Time % Phy DF OF
1 Erik Johnson Christian Folin 60 1 2 2
2 Colby Robak Brendan Mikkelson 40 1 2 2
Penalty Kill - 3 Players Forward
Forward Time % Phy DF OF
1 Eric Staal 60 1 2 2
2 Patrik Berglund 40 1 2 2
Penalty Kill - 3 Players Defense
Defense Defense Time % Phy DF OF
1 Erik Johnson Christian Folin 60 1 2 2
2 Colby Robak Brendan Mikkelson 40 1 2 2
4 vs 4 Forward
Center Wing Time % Phy DF OF
1 Eric Staal Brad Marchand 60 1 2 2
2 Patrik Berglund Bryan Rust 40 1 2 2
4 vs 4 Defense
Defense Defense Time % Phy DF OF
1 Erik Johnson Sami Vatanen 60 1 2 2
2 Colby Robak Christian Folin 40 1 2 2
Last Minutes Offensive
Center Left Wing Right Wing Defense Defense
Eric Staal Brad Marchand Bryan Rust Erik Johnson Sami Vatanen
Last Minutes Defensive
Center Left Wing Right Wing Defense Defense
Eric Staal Brad Marchand Bryan Rust Erik Johnson Sami Vatanen
Goaltenders
Starting : Henrik Lundqvist
Backup : Christopher Gibson
Extra Forwards
Normal : Jake DeBrusk, Bryan Rust, Patrik Berglund - PP : Kevin Labanc, Jake DeBrusk - PK : Eric Staal
Extra Defensemen
Normal : Esa Lindell, Christian Folin, Colby Robak - PP : Esa Lindell - PK : Brendan Mikkelson, Christian Folin
Penalty Shots
Eric Staal, Tanner Pearson, Jake DeBrusk, Patrik Berglund, Jimmy Hayes
Scratches
David Savard (Healthy), Vladimir Sobotka (Healthy), Nathan Lieuwen (Healthy)
Kings
5 vs 5 Forward
Center Left Wing Right Wing Time % Phy DF OF
1 Logan Couture Kyle Clifford Jason Pominville 25 2 2 1
2 Auston Matthews Benoit Pouliot Ilya Kovalchuk 25 1 2 2
3 Alexander Kerfoot Jujhar Khaira Mikko Rantanen 25 1 2 2
4 Kyle Okposo William Nylander Mitch Marner 25 1 2 2
5 vs 5 Defense
Defense Defense Time % Phy DF OF
1 Darnell Nurse Jeff Schultz 40 1 3 1
2 Mark Fistric Rasmus Ristolainen 40 1 3 1
3 Jake McCabe Morgan Rielly 15 1 3 1
4 Darnell Nurse Jake McCabe 5 1 3 1
PowerPlay Forward
Center Left Wing Right Wing Time % Phy DF OF
1 Auston Matthews Kyle Clifford Mitch Marner 50 0 1 4
2 Alexander Kerfoot William Nylander Mikko Rantanen 50 0 1 4
PowerPlay Defense
Defense Defense Time % Phy DF OF
1 Kyle Okposo Rasmus Ristolainen 70 0 2 3
2 Darnell Nurse Jujhar Khaira 30 0 3 2
Penalty Kill 4 Players Forward
Center Wing Time % Phy DF OF
1 Logan Couture Ilya Kovalchuk 60 0 4 1
2 Jason Pominville Jujhar Khaira 40 0 4 1
Penalty Kill 4 Players Defense
Defense Defense Time % Phy DF OF
1 Darnell Nurse Jeff Schultz 60 1 4 0
2 Jake McCabe Mark Fistric 40 1 4 0
Penalty Kill - 3 Players Forward
Forward Time % Phy DF OF
1 Logan Couture 60 1 2 2
2 Jujhar Khaira 40 1 2 2
Penalty Kill - 3 Players Defense
Defense Defense Time % Phy DF OF
1 Darnell Nurse Jeff Schultz 60 1 2 2
2 Mark Fistric Jake McCabe 40 1 2 2
4 vs 4 Forward
Center Wing Time % Phy DF OF
1 Auston Matthews Kyle Clifford 60 1 2 2
2 Logan Couture Mikko Rantanen 40 1 2 2
4 vs 4 Defense
Defense Defense Time % Phy DF OF
1 Darnell Nurse Jeff Schultz 60 1 2 2
2 Jake McCabe Rasmus Ristolainen 40 1 2 2
Last Minutes Offensive
Center Left Wing Right Wing Defense Defense
Auston Matthews Kyle Clifford Mikko Rantanen Jake McCabe Rasmus Ristolainen
Last Minutes Defensive
Center Left Wing Right Wing Defense Defense
Logan Couture Kyle Clifford Ilya Kovalchuk Darnell Nurse Jeff Schultz
Goaltenders
Starting : John Gibson
Backup : Thomas McCollum
Extra Forwards
Normal : Kyle Clifford, Jujhar Khaira, William Nylander - PP : Benoit Pouliot, Ilya Kovalchuk - PK : Kyle Clifford
Extra Defensemen
Normal : Rasmus Ristolainen, Jake McCabe, Jeff Schultz - PP : Jake McCabe - PK : Rasmus Ristolainen, Morgan Rielly
Penalty Shots
Ilya Kovalchuk, Benoit Pouliot, Mikko Rantanen, Logan Couture, Auston Matthews
Scratches
Drew Stafford (Healthy), J.T. Brown (Healthy), Nick Spaling (Healthy), Ole-Kristian Tollefsen (Healthy), Peter Regin (Healthy)
% Time on Ice - Flames
Lines # - Real PCT - Wanted PCT - Time Play
Normal Forward
1 - 36% - 38% - 17:04
2 - 28% - 33% - 13:08
3 - 23% - 20% - 10:45
4 - 13% - 9% - 6:22
Normal Defense
1 - 40% - 40% - 18:50
2 - 34% - 31% - 15:52
3 - 21% - 22% - 9:53
4 - 6% - 7% - 2:44
PP Forward
1 - 59% - 60% - 3:58
2 - 41% - 40% - 2:46
PP Defense
1 - 58% - 60% - 3:56
2 - 42% - 40% - 2:48
PK Forward
1 - 71% - 60% - 4:13
2 - 29% - 40% - 1:44
PK Defense
1 - 71% - 60% - 4:13
2 - 29% - 40% - 1:44
PK3 Forward
1 - 0% - 60%
2 - 0% - 40%
PK3 Defense
1 - 0% - 60%
2 - 0% - 40%
44 Forward
1 - 0% - 60%
2 - 0% - 40%
44 Defense
1 - 0% - 60%
2 - 0% - 40%
Last Minute Offensive - 0:00
Last Minute Defensive - 0:00
Total
Forward - 60:00
Defense - 60:00
|
% Time on Ice - Kings
Lines # - Real PCT - Wanted PCT - Time Play
Normal Forward
1 - 25% - 25% - 11:39
2 - 26% - 25% - 12:14
3 - 24% - 25% - 11:34
4 - 25% - 25% - 11:52
Normal Defense
1 - 40% - 40% - 19:09
2 - 39% - 40% - 18:40
3 - 19% - 15% - 8:48
4 - 1% - 5% - 0:42
PP Forward
1 - 50% - 50% - 2:59
2 - 50% - 50% - 2:58
PP Defense
1 - 65% - 70% - 3:51
2 - 35% - 30% - 2:06
PK Forward
1 - 78% - 60% - 5:14
2 - 22% - 40% - 1:30
PK Defense
1 - 65% - 60% - 4:23
2 - 35% - 40% - 2:21
PK3 Forward
1 - 0% - 60%
2 - 0% - 40%
PK3 Defense
1 - 0% - 60%
2 - 0% - 40%
44 Forward
1 - 0% - 60%
2 - 0% - 40%
44 Defense
1 - 0% - 60%
2 - 0% - 40%
Last Minute Offensive - 0:00
Last Minute Defensive - 0:00
Total
Forward - 60:00
Defense - 60:00
|
Play-by-Play
1st period
0:01 of 1st period - Eric Staal wins face-off versus Logan Couture in neutral zone.
0:27 of 1st period - Erik Johnson is hit by Benoit Pouliot and loses puck.
0:34 of 1st period - Wrist shot by Tanner Pearson.
0:34 of 1st period - Stopped by John Gibson without a rebound.
0:35 of 1st period - Colin Wilson wins face-off versus Alexander Kerfoot in Kings zone.
0:49 of 1st period - Minor Penalty to Jujhar Khaira for Hooking.
0:50 of 1st period - Patrik Berglund wins face-off versus Logan Couture in Kings zone.
0:54 of 1st period - Snap shot by Tanner Pearson.
0:54 of 1st period - Goal by Tanner Pearson - Flames : 1 - Kings : 0.
0:55 of 1st period - Kyle Okposo wins face-off versus Patrik Berglund in neutral zone.
1:00 of 1st period - Wrist shot by William Nylander.
1:00 of 1st period - Shot Misses the Net.
1:12 of 1st period - Snap shot by Mitch Marner.
1:12 of 1st period - Deflect By Kyle Okposo.
1:12 of 1st period - Stopped by Henrik Lundqvist without a rebound.
1:13 of 1st period - Auston Matthews wins face-off versus Anders Lee in Flames zone.
1:28 of 1st period - Off-side.
1:29 of 1st period - Eric Staal wins face-off versus Alexander Kerfoot in neutral zone.
1:56 of 1st period - Snap shot by Kyle Palmieri.
1:56 of 1st period - Shot Misses the Net.
2:13 of 1st period - Icing by Mark Fistric.
2:14 of 1st period - Kyle Okposo wins face-off versus Patrik Berglund in Kings zone.
2:29 of 1st period - Wrist shot by Mitch Marner.
2:29 of 1st period - Shot Blocked by Jimmy Hayes.
2:41 of 1st period - Darnell Nurse is hit by Brad Marchand and loses puck.
4:23 of 1st period - Benoit Pouliot is hit by Brad Marchand and loses puck.
5:46 of 1st period - Slapshot by Eric Staal.
5:46 of 1st period - Shot Blocked by Jake McCabe.
5:52 of 1st period - Kyle Okposo is hit by Eric Staal and loses puck.
6:29 of 1st period - Backhand shot by Logan Couture.
6:29 of 1st period - Shot Misses the Net.
6:31 of 1st period - Slapshot by Darnell Nurse.
6:31 of 1st period - Shot Misses the Net.
6:33 of 1st period - Slapshot by Darnell Nurse.
6:33 of 1st period - Deflect By Auston Matthews.
6:33 of 1st period - Stopped by Henrik Lundqvist without a rebound.
6:34 of 1st period - Auston Matthews wins face-off versus Eric Staal in Flames zone.
6:51 of 1st period - Ilya Kovalchuk is hit by Brad Marchand and loses puck.
7:14 of 1st period - Wrist shot by Logan Couture.
7:14 of 1st period - Stopped by Henrik Lundqvist with a rebound.
7:26 of 1st period - Mikko Rantanen is hit by Kyle Palmieri and loses puck.
7:45 of 1st period - Jake DeBrusk is hit by Kyle Okposo.
7:49 of 1st period - Slapshot by Sami Vatanen.
7:49 of 1st period - Shot Misses the Net.
7:55 of 1st period - William Nylander is hit by Anders Lee and loses puck.
8:10 of 1st period - Snap shot by Brad Marchand.
8:10 of 1st period - Stopped by John Gibson without a rebound.
8:11 of 1st period - Auston Matthews wins face-off versus Eric Staal in Kings zone.
8:11 of 1st period - Auston Matthews is hit by Eric Staal.
8:41 of 1st period - Wrist shot by Eric Staal.
8:41 of 1st period - Shot Misses the Net.
8:45 of 1st period - Wrist shot by Bryan Rust.
8:45 of 1st period - Stopped by John Gibson without a rebound.
8:46 of 1st period - Kyle Clifford wins face-off versus Patrik Berglund in Kings zone.
8:46 of 1st period - Kyle Clifford is hit by Sami Vatanen.
8:49 of 1st period - Minor Penalty to Kyle Clifford for Roughing.
8:50 of 1st period - Patrik Berglund wins face-off versus Logan Couture in Kings zone.
9:00 of 1st period - Snap shot by Patrik Berglund.
9:00 of 1st period - Shot Blocked by Darnell Nurse.
9:15 of 1st period - Ilya Kovalchuk is hit by Eric Staal and loses puck.
10:28 of 1st period - Brendan Mikkelson is hit by Benoit Pouliot and loses puck.
10:40 of 1st period - Icing by Kevin Labanc.
10:41 of 1st period - Jason Pominville wins face-off versus Eric Staal in Flames zone.
10:49 of 1st period - Penalty to Kyle Clifford is over, Kyle Clifford is back on ice.
10:49 of 1st period - Icing by Brendan Mikkelson.
10:50 of 1st period - Eric Staal wins face-off versus Alexander Kerfoot in Flames zone.
10:59 of 1st period - Slapshot by Esa Lindell.
10:59 of 1st period - Shot Misses the Net.
11:21 of 1st period - Slapshot by Kyle Okposo.
11:21 of 1st period - Shot Misses the Net.
11:42 of 1st period - Slapshot by Tanner Pearson.
11:42 of 1st period - Stopped by John Gibson with a rebound.
11:44 of 1st period - Wrist shot by Tanner Pearson.
11:44 of 1st period - Stopped by John Gibson without a rebound.
11:45 of 1st period - Logan Couture wins face-off versus Eric Staal in Kings zone.
11:45 of 1st period - Logan Couture is hit by Sami Vatanen.
12:23 of 1st period - Slapshot by Rasmus Ristolainen.
12:23 of 1st period - Stopped by Henrik Lundqvist without a rebound.
12:24 of 1st period - Kyle Okposo wins face-off versus Eric Staal in Flames zone.
12:54 of 1st period - Off-side.
12:55 of 1st period - Jake DeBrusk wins face-off versus Logan Couture in neutral zone.
13:10 of 1st period - Slapshot by Kevin Labanc.
13:10 of 1st period - Deflect By Jake McCabe.
13:10 of 1st period - Shot Misses the Net.
13:10 of 1st period - Puck is out of play.
13:11 of 1st period - Alexander Kerfoot wins face-off versus Eric Staal in Kings zone.
13:23 of 1st period - Snap shot by Brad Marchand.
13:23 of 1st period - Shot Misses the Net.
13:25 of 1st period - Snap shot by Brad Marchand.
13:25 of 1st period - Stopped by John Gibson with a rebound.
13:27 of 1st period - Wrist shot by Brad Marchand.
13:27 of 1st period - Shot Misses the Net.
13:50 of 1st period - Snap shot by Kyle Clifford.
13:50 of 1st period - Goal by Kyle Clifford - Flames : 1 - Kings : 1.
13:51 of 1st period - Auston Matthews wins face-off versus Eric Staal in neutral zone.
13:55 of 1st period - Wrist shot by Benoit Pouliot.
13:55 of 1st period - Stopped by Henrik Lundqvist with a rebound.
13:57 of 1st period - Slapshot by Jeff Schultz.
13:57 of 1st period - Shot Hit the Post.
13:59 of 1st period - Slapshot by Jeff Schultz.
13:59 of 1st period - Shot Misses the Net.
14:01 of 1st period - Slapshot by Auston Matthews.
14:01 of 1st period - Shot Misses the Net.
14:03 of 1st period - Slapshot by Darnell Nurse.
14:03 of 1st period - Deflect By Benoit Pouliot.
14:03 of 1st period - Stopped by Henrik Lundqvist with a rebound.
14:05 of 1st period - Snap shot by Jeff Schultz.
14:05 of 1st period - Shot Misses the Net.
14:07 of 1st period - Snap shot by Auston Matthews.
14:07 of 1st period - Shot Blocked by Sami Vatanen.
14:17 of 1st period - Brad Marchand is hit by Kyle Okposo.
14:45 of 1st period - Mark Fistric is hit by Jimmy Hayes.
15:01 of 1st period - Christian Folin is hit by Mark Fistric and loses puck.
15:12 of 1st period - Snap shot by Benoit Pouliot.
15:12 of 1st period - Shot Misses the Net.
15:14 of 1st period - Snap shot by Ilya Kovalchuk.
15:14 of 1st period - Stopped by Henrik Lundqvist without a rebound.
15:15 of 1st period - Patrik Berglund wins face-off versus Jason Pominville in Flames zone.
16:33 of 1st period - Slapshot by Jeff Schultz.
16:33 of 1st period - Deflect By Benoit Pouliot.
16:33 of 1st period - Goal by Benoit Pouliot - Flames : 1 - Kings : 2.
16:34 of 1st period - Logan Couture wins face-off versus Eric Staal in neutral zone.
16:57 of 1st period - Minor Penalty to Eric Staal for Hooking.
16:58 of 1st period - Auston Matthews wins face-off versus Patrik Berglund in Flames zone.
17:07 of 1st period - Wrist shot by Mitch Marner.
17:07 of 1st period - Shot Blocked by Christian Folin.
17:15 of 1st period - Snap shot by Brad Marchand.
17:15 of 1st period - Deflect By Patrik Berglund.
17:15 of 1st period - Shot Misses the Net.
17:15 of 1st period - Puck is out of play.
17:16 of 1st period - Patrik Berglund wins face-off versus Alexander Kerfoot in Kings zone.
17:30 of 1st period - Icing by Rasmus Ristolainen.
17:31 of 1st period - Patrik Berglund wins face-off versus Alexander Kerfoot in Kings zone.
17:32 of 1st period - Snap shot by Brad Marchand.
17:32 of 1st period - Stopped by John Gibson without a rebound.
17:33 of 1st period - Patrik Berglund wins face-off versus Alexander Kerfoot in Kings zone.
17:34 of 1st period - Wrist shot by Brad Marchand.
17:34 of 1st period - Stopped by John Gibson without a rebound.
17:35 of 1st period - Patrik Berglund wins face-off versus William Nylander in Kings zone.
17:48 of 1st period - Snap shot by Alexander Kerfoot.
17:48 of 1st period - Stopped by Henrik Lundqvist with a rebound.
18:57 of 1st period - Penalty to Eric Staal is over, Eric Staal is back on ice.
19:00 of 1st period - Eric Staal is hit by Rasmus Ristolainen and loses puck.
19:05 of 1st period - Snap shot by Auston Matthews.
19:05 of 1st period - Stopped by Henrik Lundqvist without a rebound.
19:06 of 1st period - Colin Wilson wins face-off versus Auston Matthews in Flames zone.
19:13 of 1st period - Snap shot by Ilya Kovalchuk.
19:13 of 1st period - Stopped by Henrik Lundqvist with a rebound.
19:27 of 1st period - Wrist shot by Jason Pominville.
19:27 of 1st period - Shot Misses the Net.
19:43 of 1st period - Snap shot by David Ullstrom.
19:43 of 1st period - Stopped by John Gibson without a rebound.
19:44 of 1st period - Kyle Okposo wins face-off versus Tanner Pearson in Kings zone.
19:49 of 1st period - Wrist shot by Mitch Marner.
19:49 of 1st period - Shot Misses the Net.
19:51 of 1st period - Slapshot by Jeff Schultz.
19:51 of 1st period - Stopped by Henrik Lundqvist with a rebound.
19:53 of 1st period - Slapshot by Kyle Okposo.
19:53 of 1st period - Stopped by Henrik Lundqvist with a rebound.
19:57 of 1st period - Snap shot by Mitch Marner.
19:57 of 1st period - Shot Misses the Net.
Goals for this period are 1 for Flames vs 2 for Kings.
Shots for this period are 10 for Flames vs 14 for Kings.
2nd period
0:01 of 2nd period - Alexander Kerfoot wins face-off versus Eric Staal in neutral zone.
0:26 of 2nd period - Tanner Pearson is hit by William Nylander and loses puck.
1:19 of 2nd period - Backhand shot by Jason Pominville.
1:19 of 2nd period - Stopped by Henrik Lundqvist with a rebound.
1:21 of 2nd period - Wrist shot by Rasmus Ristolainen.
1:21 of 2nd period - Deflect By Logan Couture.
1:21 of 2nd period - Stopped by Henrik Lundqvist with a rebound.
1:23 of 2nd period - Snap shot by Jason Pominville.
1:23 of 2nd period - Stopped by Henrik Lundqvist with a rebound.
1:25 of 2nd period - Snap shot by Logan Couture.
1:25 of 2nd period - Shot Misses the Net.
1:41 of 2nd period - Slapshot by Jeff Schultz.
1:41 of 2nd period - Stopped by Henrik Lundqvist without a rebound.
1:42 of 2nd period - Alexander Kerfoot wins face-off versus Eric Staal in Flames zone.
1:47 of 2nd period - Snap shot by Alexander Kerfoot.
1:47 of 2nd period - Shot Blocked by Erik Johnson.
1:57 of 2nd period - Snap shot by Mikko Rantanen.
1:57 of 2nd period - Shot Misses the Net.
2:50 of 2nd period - Snap shot by Colby Robak.
2:50 of 2nd period - Stopped by John Gibson without a rebound.
2:51 of 2nd period - Anders Lee wins face-off versus Logan Couture in Kings zone.
3:16 of 2nd period - Eric Staal is hit by Alexander Kerfoot and loses puck.
3:21 of 2nd period - Wrist shot by Alexander Kerfoot.
3:21 of 2nd period - Goal by Alexander Kerfoot - Flames : 1 - Kings : 3.
3:22 of 2nd period - Mitch Marner wins face-off versus Eric Staal in neutral zone.
3:54 of 2nd period - Slapshot by Colby Robak.
3:54 of 2nd period - Deflect By Jimmy Hayes.
3:54 of 2nd period - Shot Blocked by Alexander Kerfoot.
3:54 of 2nd period - Puck is out of play.
3:55 of 2nd period - Alexander Kerfoot wins face-off versus Patrik Berglund in Kings zone.
4:04 of 2nd period - Colby Robak is hit by Jujhar Khaira and loses puck.
4:20 of 2nd period - Christian Folin is hit by Alexander Kerfoot and loses puck.
4:53 of 2nd period - Snap shot by Kevin Labanc.
4:53 of 2nd period - Shot Misses the Net.
4:55 of 2nd period - Snap shot by Kevin Labanc.
4:55 of 2nd period - Shot Misses the Net.
5:11 of 2nd period - Snap shot by Auston Matthews.
5:11 of 2nd period - Stopped by Henrik Lundqvist with a rebound.
5:13 of 2nd period - Wrist shot by Auston Matthews.
5:13 of 2nd period - Stopped by Henrik Lundqvist with a rebound.
5:58 of 2nd period - Wrist shot by Mitch Marner.
5:58 of 2nd period - Stopped by Henrik Lundqvist without a rebound.
5:59 of 2nd period - Auston Matthews wins face-off versus Patrik Berglund in Flames zone.
6:42 of 2nd period - Wrist shot by Kyle Okposo.
6:42 of 2nd period - Stopped by Henrik Lundqvist without a rebound.
6:43 of 2nd period - David Ullstrom wins face-off versus Logan Couture in Flames zone.
6:56 of 2nd period - Slapshot by Erik Johnson.
6:56 of 2nd period - Stopped by John Gibson without a rebound.
6:57 of 2nd period - Eric Staal wins face-off versus Auston Matthews in Kings zone.
7:25 of 2nd period - Minor Penalty to Logan Couture for Goalie Interference.
7:26 of 2nd period - Patrik Berglund wins face-off versus Kyle Clifford in Kings zone.
7:27 of 2nd period - Snap shot by Jimmy Hayes.
7:27 of 2nd period - Stopped by John Gibson with a rebound.
7:29 of 2nd period - Slapshot by Patrik Berglund.
7:29 of 2nd period - Shot Blocked by Darnell Nurse.
7:31 of 2nd period - Snap shot by Patrik Berglund.
7:31 of 2nd period - Goal by Patrik Berglund - Flames : 2 - Kings : 3.
7:32 of 2nd period - Kyle Okposo wins face-off versus Tanner Pearson in neutral zone.
7:57 of 2nd period - Eric Staal is hit by Jason Pominville and loses puck.
8:24 of 2nd period - Ilya Kovalchuk is hit by Kyle Palmieri and loses puck.
8:34 of 2nd period - Icing by Ilya Kovalchuk.
8:35 of 2nd period - Auston Matthews wins face-off versus Jake DeBrusk in Kings zone.
8:50 of 2nd period - Snap shot by Esa Lindell.
8:50 of 2nd period - Stopped by John Gibson without a rebound.
8:51 of 2nd period - Patrik Berglund wins face-off versus Jujhar Khaira in Kings zone.
8:56 of 2nd period - Wrist shot by Patrik Berglund.
8:56 of 2nd period - Goal by Patrik Berglund - Flames : 3 - Kings : 3.
8:57 of 2nd period - Eric Staal wins face-off versus Alexander Kerfoot in neutral zone.
9:07 of 2nd period - Snap shot by Brad Marchand.
9:07 of 2nd period - Stopped by John Gibson without a rebound.
9:08 of 2nd period - Logan Couture wins face-off versus Patrik Berglund in Kings zone.
9:14 of 2nd period - Off-side.
9:15 of 2nd period - Logan Couture wins face-off versus Patrik Berglund in neutral zone.
9:22 of 2nd period - Slapshot by Kyle Clifford.
9:22 of 2nd period - Shot Misses the Net.
9:24 of 2nd period - Snap shot by Logan Couture.
9:24 of 2nd period - Shot Misses the Net.
9:26 of 2nd period - Slapshot by Mark Fistric.
9:26 of 2nd period - Deflect By Kyle Clifford.
9:26 of 2nd period - Shot Misses the Net.
9:26 of 2nd period - Puck is out of play.
9:27 of 2nd period - Kyle Okposo wins face-off versus Eric Staal in Flames zone.
10:49 of 2nd period - Slapshot by Kyle Clifford.
10:49 of 2nd period - Shot Misses the Net.
11:11 of 2nd period - Snap shot by Bryan Rust.
11:11 of 2nd period - Stopped by John Gibson with a rebound.
11:13 of 2nd period - Snap shot by Brad Marchand.
11:13 of 2nd period - Shot Misses the Net.
11:15 of 2nd period - Snap shot by Eric Staal.
11:15 of 2nd period - Shot Misses the Net.
11:27 of 2nd period - Wrist shot by Patrik Berglund.
11:27 of 2nd period - Deflect By Jimmy Hayes.
11:27 of 2nd period - Shot Misses the Net.
11:27 of 2nd period - Puck is out of play.
11:28 of 2nd period - Patrik Berglund wins face-off versus Alexander Kerfoot in Kings zone.
11:41 of 2nd period - Backhand shot by Mikko Rantanen.
11:41 of 2nd period - Shot Blocked by Jimmy Hayes.
11:43 of 2nd period - Wrist shot by Mikko Rantanen.
11:43 of 2nd period - Deflect By Alexander Kerfoot.
11:43 of 2nd period - Stopped by Henrik Lundqvist without a rebound.
11:44 of 2nd period - Eric Staal wins face-off versus Auston Matthews in Flames zone.
12:31 of 2nd period - Icing by Erik Johnson.
12:32 of 2nd period - Colin Wilson wins face-off versus Alexander Kerfoot in Flames zone.
12:48 of 2nd period - Icing by Jujhar Khaira.
12:49 of 2nd period - Alexander Kerfoot wins face-off versus Eric Staal in Kings zone.
13:41 of 2nd period - Jimmy Hayes is hit by Benoit Pouliot and loses puck.
14:05 of 2nd period - Snap shot by Bryan Rust.
14:05 of 2nd period - Shot Misses the Net.
14:07 of 2nd period - Snap shot by Brad Marchand.
14:07 of 2nd period - Goal by Brad Marchand - Flames : 4 - Kings : 3.
14:08 of 2nd period - Kyle Okposo wins face-off versus Eric Staal in neutral zone.
14:57 of 2nd period - Slapshot by Colby Robak.
14:57 of 2nd period - Shot Misses the Net.
15:27 of 2nd period - Wrist shot by William Nylander.
15:27 of 2nd period - Shot Misses the Net.
16:04 of 2nd period - Minor Penalty to Jake McCabe for Tripping.
16:05 of 2nd period - Logan Couture wins face-off versus Patrik Berglund in Kings zone.
17:50 of 2nd period - Tanner Pearson is hit by Darnell Nurse and loses puck.
17:57 of 2nd period - Jeff Schultz is hit by Jimmy Hayes and loses puck.
18:04 of 2nd period - Penalty to Jake McCabe is over, Jake McCabe is back on ice.
18:18 of 2nd period - Wrist shot by Mitch Marner.
18:18 of 2nd period - Stopped by Henrik Lundqvist with a rebound.
18:26 of 2nd period - Snap shot by Kyle Okposo.
18:26 of 2nd period - Shot Blocked by Kyle Palmieri.
18:55 of 2nd period - Slapshot by Rasmus Ristolainen.
18:55 of 2nd period - Shot Blocked by Colby Robak.
18:57 of 2nd period - Slapshot by Mark Fistric.
18:57 of 2nd period - Shot Blocked by Christian Folin.
18:59 of 2nd period - Snap shot by Jason Pominville.
18:59 of 2nd period - Shot Blocked by Colby Robak.
19:01 of 2nd period - Snap shot by Jason Pominville.
19:01 of 2nd period - Stopped by Henrik Lundqvist without a rebound.
19:02 of 2nd period - Colin Wilson wins face-off versus Logan Couture in Flames zone.
19:50 of 2nd period - Snap shot by Mitch Marner.
19:50 of 2nd period - Deflect By William Nylander.
19:50 of 2nd period - Stopped by Henrik Lundqvist with a rebound.
Goals for this period are 3 for Flames vs 1 for Kings.
Shots for this period are 9 for Flames vs 13 for Kings.
3rd period
0:01 of 3rd period - Eric Staal wins face-off versus Auston Matthews in neutral zone.
0:04 of 3rd period - Snap shot by Erik Johnson.
0:04 of 3rd period - Shot Misses the Net.
0:22 of 3rd period - Minor Penalty to Erik Johnson for Tripping.
0:23 of 3rd period - Auston Matthews wins face-off versus Patrik Berglund in Flames zone.
0:56 of 3rd period - Icing by Alexander Kerfoot.
0:57 of 3rd period - Alexander Kerfoot wins face-off versus Eric Staal in Kings zone.
1:13 of 3rd period - Jujhar Khaira is hit by Brendan Mikkelson and loses puck.
1:32 of 3rd period - Wrist shot by Kyle Clifford.
1:32 of 3rd period - Shot Blocked by Christian Folin.
1:34 of 3rd period - Slapshot by Kyle Clifford.
1:34 of 3rd period - Shot Blocked by Brendan Mikkelson.
1:36 of 3rd period - Wrist shot by Mitch Marner.
1:36 of 3rd period - Stopped by Henrik Lundqvist with a rebound.
2:22 of 3rd period - Penalty to Erik Johnson is over, Erik Johnson is back on ice.
2:27 of 3rd period - Slapshot by Esa Lindell.
2:27 of 3rd period - Shot Misses the Net.
2:29 of 3rd period - Slapshot by Anders Lee.
2:29 of 3rd period - Stopped by John Gibson without a rebound.
2:30 of 3rd period - Colin Wilson wins face-off versus Auston Matthews in Kings zone.
2:31 of 3rd period - Snap shot by David Ullstrom.
2:31 of 3rd period - Goal by David Ullstrom - Flames : 5 - Kings : 3.
2:31 of 3rd period - Thomas McCollum enters game.
2:32 of 3rd period - Eric Staal wins face-off versus Kyle Okposo in neutral zone.
2:36 of 3rd period - Icing by Jeff Schultz.
2:37 of 3rd period - Kyle Okposo wins face-off versus Eric Staal in Kings zone.
2:54 of 3rd period - Snap shot by Brad Marchand.
2:54 of 3rd period - Shot Blocked by Jeff Schultz.
3:04 of 3rd period - Kyle Clifford is hit by Jimmy Hayes and loses puck.
3:11 of 3rd period - Snap shot by Jimmy Hayes.
3:11 of 3rd period - Shot Blocked by Logan Couture.
3:13 of 3rd period - Slapshot by Jimmy Hayes.
3:13 of 3rd period - Shot Misses the Net.
3:56 of 3rd period - Rasmus Ristolainen is hit by Anders Lee and loses puck.
4:17 of 3rd period - Minor Penalty to Colby Robak for Slashing.
4:18 of 3rd period - Auston Matthews wins face-off versus Patrik Berglund in Flames zone.
4:44 of 3rd period - Patrik Berglund is hit by William Nylander and loses puck.
4:49 of 3rd period - Wrist shot by Mikko Rantanen.
4:49 of 3rd period - Stopped by Henrik Lundqvist without a rebound.
4:50 of 3rd period - Alexander Kerfoot wins face-off versus Patrik Berglund in Flames zone.
5:15 of 3rd period - Wrist shot by Eric Staal.
5:15 of 3rd period - Stopped by Thomas McCollum without a rebound.
5:16 of 3rd period - Patrik Berglund wins face-off versus Auston Matthews in Kings zone.
6:17 of 3rd period - Penalty to Colby Robak is over, Colby Robak is back on ice.
6:30 of 3rd period - Ilya Kovalchuk is hit by David Ullstrom and loses puck.
7:04 of 3rd period - Snap shot by Mikko Rantanen.
7:04 of 3rd period - Stopped by Henrik Lundqvist with a rebound.
7:32 of 3rd period - Snap shot by Benoit Pouliot.
7:32 of 3rd period - Stopped by Henrik Lundqvist without a rebound.
7:33 of 3rd period - Eric Staal wins face-off versus Logan Couture in Flames zone.
7:42 of 3rd period - Wrist shot by Eric Staal.
7:42 of 3rd period - Shot Blocked by Mark Fistric.
8:18 of 3rd period - Rasmus Ristolainen is hit by Sami Vatanen and loses puck.
8:25 of 3rd period - Snap shot by Benoit Pouliot.
8:25 of 3rd period - Stopped by Henrik Lundqvist without a rebound.
8:26 of 3rd period - Brad Marchand wins face-off versus Kyle Okposo in Flames zone.
8:35 of 3rd period - Snap shot by Bryan Rust.
8:35 of 3rd period - Stopped by Thomas McCollum without a rebound.
8:36 of 3rd period - Kyle Okposo wins face-off versus Brad Marchand in Kings zone.
8:36 of 3rd period - Kyle Okposo is hit by Bryan Rust.
8:41 of 3rd period - Darnell Nurse is hit by Colby Robak and loses puck.
9:13 of 3rd period - Snap shot by Brad Marchand.
9:13 of 3rd period - Shot Blocked by Darnell Nurse.
9:45 of 3rd period - Snap shot by Eric Staal.
9:45 of 3rd period - Stopped by Thomas McCollum with a rebound.
9:47 of 3rd period - Snap shot by Bryan Rust.
9:47 of 3rd period - Shot Misses the Net.
9:49 of 3rd period - Snap shot by Colby Robak.
9:49 of 3rd period - Shot Blocked by Darnell Nurse.
9:51 of 3rd period - Snap shot by Eric Staal.
9:51 of 3rd period - Stopped by Thomas McCollum without a rebound.
9:52 of 3rd period - Patrik Berglund wins face-off versus Logan Couture in Kings zone.
9:58 of 3rd period - Minor Penalty to Kyle Clifford for Holding.
9:59 of 3rd period - Patrik Berglund wins face-off versus Logan Couture in Kings zone.
10:07 of 3rd period - Wrist shot by Tanner Pearson.
10:07 of 3rd period - Shot Misses the Net.
10:09 of 3rd period - Backhand shot by Sami Vatanen.
10:09 of 3rd period - Stopped by Thomas McCollum without a rebound.
10:10 of 3rd period - Logan Couture wins face-off versus Patrik Berglund in Kings zone.
10:23 of 3rd period - Slapshot by Ilya Kovalchuk.
10:23 of 3rd period - Stopped by Henrik Lundqvist with a rebound.
10:26 of 3rd period - Icing by Erik Johnson.
10:27 of 3rd period - Patrik Berglund wins face-off versus Logan Couture in Flames zone.
10:46 of 3rd period - Slapshot by Sami Vatanen.
10:46 of 3rd period - Shot Blocked by Jeff Schultz.
10:48 of 3rd period - Wrist shot by Erik Johnson.
10:48 of 3rd period - Stopped by Thomas McCollum without a rebound.
10:49 of 3rd period - Logan Couture wins face-off versus Eric Staal in Kings zone.
10:49 of 3rd period - Logan Couture is hit by Jake DeBrusk.
11:58 of 3rd period - Penalty to Kyle Clifford is over, Kyle Clifford is back on ice.
12:51 of 3rd period - Wrist shot by Benoit Pouliot.
12:51 of 3rd period - Shot Blocked by Christian Folin.
12:53 of 3rd period - Snap shot by Benoit Pouliot.
12:53 of 3rd period - Shot Misses the Net.
12:55 of 3rd period - Wrist shot by Benoit Pouliot.
12:55 of 3rd period - Stopped by Henrik Lundqvist with a rebound.
13:05 of 3rd period - Snap shot by Colby Robak.
13:05 of 3rd period - Stopped by Thomas McCollum with a rebound.
13:07 of 3rd period - Snap shot by Anders Lee.
13:07 of 3rd period - Stopped by Thomas McCollum without a rebound.
13:08 of 3rd period - Logan Couture wins face-off versus Anders Lee in Kings zone.
13:15 of 3rd period - Wrist shot by Logan Couture.
13:15 of 3rd period - Stopped by Henrik Lundqvist without a rebound.
13:16 of 3rd period - Patrik Berglund wins face-off versus Alexander Kerfoot in Flames zone.
13:25 of 3rd period - Snap shot by Sami Vatanen.
13:25 of 3rd period - Shot Blocked by Jeff Schultz.
13:31 of 3rd period - Backhand shot by Patrik Berglund.
13:31 of 3rd period - Shot Misses the Net.
14:17 of 3rd period - Minor Penalty to Mark Fistric for Tripping.
14:18 of 3rd period - Logan Couture wins face-off versus Patrik Berglund in Kings zone.
14:44 of 3rd period - Ilya Kovalchuk is hit by Kevin Labanc and loses puck.
14:51 of 3rd period - Snap shot by Kevin Labanc.
14:51 of 3rd period - Stopped by Thomas McCollum with a rebound.
14:53 of 3rd period - Slapshot by Eric Staal.
14:53 of 3rd period - Deflect By Kevin Labanc.
14:53 of 3rd period - Goal by Kevin Labanc - Flames : 6 - Kings : 3.
14:54 of 3rd period - Mikko Rantanen wins face-off versus Patrik Berglund in neutral zone.
15:03 of 3rd period - Wrist shot by Alexander Kerfoot.
15:03 of 3rd period - Stopped by Henrik Lundqvist with a rebound.
15:52 of 3rd period - Snap shot by William Nylander.
15:52 of 3rd period - Shot Blocked by Bryan Rust.
16:14 of 3rd period - Icing by Kyle Clifford.
16:15 of 3rd period - Patrik Berglund wins face-off versus Logan Couture in Kings zone.
16:30 of 3rd period - Slapshot by Jason Pominville.
16:30 of 3rd period - Shot Misses the Net.
16:32 of 3rd period - Wrist shot by Logan Couture.
16:32 of 3rd period - Stopped by Henrik Lundqvist with a rebound.
16:34 of 3rd period - Slapshot by Darnell Nurse.
16:34 of 3rd period - Stopped by Henrik Lundqvist with a rebound.
16:44 of 3rd period - Wrist shot by Kyle Clifford.
16:44 of 3rd period - Stopped by Henrik Lundqvist without a rebound.
16:45 of 3rd period - Colin Wilson wins face-off versus Ilya Kovalchuk in Flames zone.
17:42 of 3rd period - Logan Couture is hit by Tanner Pearson and loses puck.
18:43 of 3rd period - Backhand shot by Jake DeBrusk.
18:43 of 3rd period - Stopped by Thomas McCollum without a rebound.
18:44 of 3rd period - Patrik Berglund wins face-off versus Logan Couture in Kings zone.
18:47 of 3rd period - Slapshot by Jimmy Hayes.
18:47 of 3rd period - Shot Blocked by Darnell Nurse.
18:55 of 3rd period - Snap shot by Jeff Schultz.
18:55 of 3rd period - Shot Misses the Net.
18:57 of 3rd period - Slapshot by Darnell Nurse.
18:57 of 3rd period - Stopped by Henrik Lundqvist without a rebound.
18:58 of 3rd period - Auston Matthews wins face-off versus Patrik Berglund in Flames zone.
19:07 of 3rd period - Wrist shot by Ilya Kovalchuk.
19:07 of 3rd period - Stopped by Henrik Lundqvist with a rebound.
19:09 of 3rd period - Slapshot by Benoit Pouliot.
19:09 of 3rd period - Shot Misses the Net.
19:58 of 3rd period - Wrist shot by Auston Matthews.
19:58 of 3rd period - Deflect By Anders Lee.
19:58 of 3rd period - Shot Blocked by Jake DeBrusk.
19:58 of 3rd period - Puck is out of play.
19:59 of 3rd period - Patrik Berglund wins face-off versus Alexander Kerfoot in Flames zone.
Goals for this period are 2 for Flames vs 0 for Kings.
Shots for this period are 13 for Flames vs 14 for Kings.